 Dungeon Crawl Stone Soup version 0.22.1-1-ga44c0e5 (webtiles) character file.

317 brandon the Magician (level 6, 0/32 HPs)
             Began as a Deep Elf Fire Elementalist on Oct 5, 2018.
             Slain by an orc priest
             ... wielding a +0 hand axe
              (7 damage)
             ... on level 4 of the Dungeon.
             The game lasted 00:09:12 (3927 turns).

brandon the Magician (Deep Elf Fire Elementalist)   Turns: 3927, Time: 00:09:13

Health: 0/32       AC:  3    Str:  5    XL:     6   Next: 20%
Magic:  11/15      EV: 13    Int: 22    God:
Gold:   212        SH:  0    Dex: 15    Spells: 0/15 levels left

rFire    + . .     SeeInvis +   o - +2 spear (flame)
rCold    + . .     Gourm    .   (no shield)
rNeg     . . .     Faith    .   a - +0 robe
rPois    .         Spirit   .   q - +0 helmet {SInv}
rElec    .         Reflect  .   h - scarf {rC+ rF+}
rCorr    .         Harm     .   (no gloves)
MR       .....                  (no boots)
Stlth    ++........             (no amulet)
HPRegen  0.10/turn              (no ring)
MPRegen  0.14/turn              (no ring)

@: about to teleport
A: no striking features
a: no special abilities


You were on level 4 of the Dungeon.
You were not hungry.

You visited 1 branch of the dungeon, and saw 4 of its levels.

You collected 212 gold pieces.

Inventory:

Hand Weapons
 o - a +2 spear of flaming (weapon)
Armour
 a - a +0 robe (worn)
 h - a scarf of resistance (worn)
 q - a +0 helmet of see invisible (worn)
 t - a +2 buckler
Wands
 n - a wand of random effects (40)
Scrolls
 b - 2 scrolls of identify
 e - a scroll of remove curse {unknown}
 g - a scroll of immolation
 l - 2 scrolls of fog
 s - 2 scrolls of random uselessness {unknown}
Potions
 d - a potion of cancellation {unknown}
 f - 2 potions of flight
 i - 2 potions of heal wounds {unknown}
 j - a potion of curing {unknown}
 m - 2 potions of brilliance
 p - a potion of ambrosia {unknown}
 r - a potion of agility {unknown}
Comestibles
 c - 6 rations


   Skills:
 - Level 2.4 Dodging
 - Level 2.4 Stealth
 + Level 5.1 Spellcasting
 * Level 4.9 Conjurations
 + Level 4.7 Fire Magic


You couldn't memorise any spells.
You knew the following spells:

 Your Spells              Type           Power        Failure   Level  Hunger
a - Flame Tongue          Conj/Fire      ####.        1%          1    None
b - Throw Flame           Conj/Fire      ####..       1%          2    None
c - Conjure Flame         Conj/Fire      ####....     4%          3    ##.....
d - Sticky Flame          Conj/Fire      ####....     14%         4    ####...
e - Fireball              Conj/Fire      ####......   36%         5    #####..

Your spell library contained the following spells:

 Spells                   Type           Power        Failure   Level  Hunger
 Animate Skeleton         Necr           N/A          10%         1    None
 Apportation              Tloc           #.....       10%         1    None
 Confusing Touch          Hex            #.....       10%         1    None
 Summon Small Mammal      Summ           #...         10%         1    None
 Inner Flame              Hex/Fire       ###.....     12%         3    ##.....


Dungeon Overview and Level Annotations

Branches:
Dungeon (4/15)
 Temple: D:4-7

Altars:
Xom


Message History

Aim: an orc priest, wielding a hand axe (lightly wounded)
The flame tongue hits the orc priest.
The orc priest is almost dead.
The orc priest calls down the wrath of Beogh upon you.
Pain shoots through your body!
Casting: Flame Tongue (safe; 1% risk of failure)
Confirm with . or Enter, or press ? or * to list all spells.
Aiming: Flame Tongue (safe; 1% risk of failure)
Press: ? - help, Shift-Dir - straight line, f/p - orc priest
Aim: an orc priest, wielding a hand axe (almost dead)
The flame tongue misses the orc priest.
The flame tongue hits the orc.
You kill the orc!
The orc priest calls down the wrath of Beogh upon you.
Beogh smites you!
* * * LOW HITPOINT WARNING * * *
The orc priest casts a cantrip, but nothing happens.
As you read the scroll of teleportation, it crumbles to dust.
You feel strangely unstable.
The orc priest hits you with a hand axe!
You die...

# #.# #.......#.#....[. #
#.# #.......#........ #
#.. ..........###...... #
## ..###.########(.....
#####
##############...##......
...
...............#.##......
#.#
..)..#..#..###.##......
..# ..o#....##...##......
.## #.#@.#..#...........
.# #o##.############## .#
###### ##


You could see an orc priest.

Vanquished Creatures
  A howler monkey (D:2)
  An orc priest (D:4)
  A hound (D:4)
  3 orc wizards
  A worker ant (D:4)
  Robin (D:2)
  An adder (D:2)
  A worm (D:3)
  7 dart slugs
  2 leopard geckos
  9 orcs
  4 bats
  5 giant cockroaches
  14 goblins
  3 hobgoblins
  2 quokkas
  5 frilled lizards
  8 kobolds
  4 rats
73 creatures vanquished.

Notes
Turn   | Place    | Note
-------+----------+-------------------------------------------
     0 | D:1      | brandon the Deep Elf Fire Elementalist began the quest for
                  | the Orb.
     0 | D:1      | Reached XP level 1. HP: 10/10 MP: 6/6
   352 | D:1      | Reached XP level 2. HP: 15/15 MP: 5/8
   395 | D:1      | Learned a level 2 spell: Throw Flame
   785 | D:1      | Reached XP level 3. HP: 13/19 MP: 0/10
  1544 | D:2      | Learned a level 3 spell: Conjure Flame
  1665 | D:2      | Reached skill level 4 in Spellcasting
  1665 | D:2      | Reached XP level 4. HP: 24/24 MP: 2/12
  1852 | D:2      | Found a shimmering altar of Xom.
  2058 | D:2      | Noticed Robin
  2067 | D:2      | Killed Robin
  2406 | D:3      | Reached XP level 5. HP: 28/28 MP: 4/13
  2516 | D:2      | Learned a level 4 spell: Sticky Flame
  3359 | D:4      | Reached XP level 6. HP: 24/32 MP: 3/15
  3459 | D:4      | Reached skill level 5 in Spellcasting
  3525 | D:4      | Learned a level 5 spell: Fireball
  3927 | D:4      | Slain by an orc priest

Skill      XL: |  1  2  3  4  5  6 |
---------------+-------------------+-----
Conjurations   | 2 3 4 |  4.9
Spellcasting   | 4 5 |  5.1
Fire Magic     | 4 |  4.7
Dodging        | |  2.4
Stealth        | |  2.4

Action                   |  1- 3 |  4- 6 || total
-------------------------+-------+-------++-------
Melee: Mace              |     5 |       ||     5
 Cast: Flame Tongue      |    20 |    46 ||    66
       Throw Flame       |    35 |    38 ||    73
       Sticky Flame      |       |     5 ||     5
       Conjure Flame     |       |     1 ||     1
  Use: Scroll            |       |     6 ||     6
  Eat: Chunk             |     1 |     7 ||     8
       Ration            |     1 |       ||     1
Armor: Robe              |     1 |     1 ||     2
Dodge: Dodged            |     6 |    12 ||    18
